 Dungeon Sprint DCSS version 0.31-a0-507-gbafd7f5274 (webtiles) character file.

Game seed: 8858182128800584122

12768 Midn8 the Rhythm of Life and Death (level 11, -23/112 HPs)
             Began as a Hill Orc Fighter on Aug 9, 2023.
             Was a Follower of Uskayaw.
             Annihilated by an Ice Fiend (37 damage)
             ... in the Dungeon (Sprint V: "Ziggurat Sprint").
             The game lasted 00:06:12 (916 turns).

Midn8 the Rhythm of Life and Death (HOFi)            Turns: 916, Time: 00:06:13

Health: -23/112    AC: 25    Str: 33    XL:     11   Next: 98%
Magic:  37/37      EV:  4    Int: 12    God:    Uskayaw [*.....]
Gold:   0          SH: 30    Dex:  8    Spells: 10/10 levels left

rFire   . . .        E - +16 obsidian axe {drain, demonic, Mesm Drain Fly SInv}
rCold   . . .        G - +18 shield of the Gong {Loud rN+ Will+ rCorr EV-5}
rNeg    + . .        I - +12 plate armour of the Vestibule of Hell {Str+3 Int+4 Dex-2 SInv}
rPois   .            (no helmet)
rElec   .            (no cloak)
rCorr   +            (no gloves)
SInv    +            (no boots)
Will    +....        (no amulet) Stlth
                     H - ring of the Octopus King {HP+2 MP+9 AC+2 EV+2 SH+2}
HPRegen 0.38/turn    C - +6 ring of strength
MPRegen 0.25/turn

%: no teleportation
@: flying, mesmerised, studying Maces & Flails
A: no striking features
a: Renounce Religion, Stomp


You were in the Dungeon.
You worshipped Uskayaw.
Uskayaw was exalted by your worship.
You visited 1 branch

Inventory:

Hand Weapons
 a - a +0 war axe
 l - a +5 broad axe
 m - a +5 executioner's axe
 E - the +16 obsidian axe (weapon) {drain, demonic, Mesm Drain Fly SInv}
   (You found it in the Dungeon)

   Mesm:      Its wielder is mesmerised by any visible foes, and it cannot be
   unequipped while any foes are visible.
   SInv:      It lets you see invisible.
   Fly:       It grants you flight.
   Drain:     It drains your maximum health when unequipped.
Armour
 b - a +0 scale mail
 c - a +0 buckler
 k - +5 gold dragon scales
 F - the +15 Maxwell's patent armour {-Cast -Tele rElec Will+ rCorr}
   (You found it in the Dungeon)

   rElec:     It insulates you from electricity.
   Will+:     It increases your willpower.
   -Cast:     It prevents spellcasting.
   -Tele:     It prevents most forms of teleportation.
   rCorr:     It protects you from acid and corrosion.
 G - the +18 shield of the Gong (worn) {Loud rN+ Will+ rCorr EV-5}
   (You found it in the Dungeon)

   Loud:      It is deafeningly noisy when blocking attacks.
   EV-5:      It affects your evasion (-5).
   rN+:       It protects you from negative energy.
   Will+:     It increases your willpower.
   rCorr:     It protects you from acid and corrosion.
 I - the +12 plate armour of the Vestibule of Hell (worn) {Str+3 Int+4 Dex-2 SInv}
   (You found it in the Dungeon)

   Str+3:     It affects your strength (+3).
   Int+4:     It affects your intelligence (+4).
   Dex-2:     It affects your dexterity (-2).
   SInv:      It lets you see invisible.
Jewellery
 x - a ring of flight
 y - a +6 ring of dexterity
 z - a +6 ring of dexterity
 A - a +6 ring of intelligence
 B - a +6 ring of intelligence
 C - a +6 ring of strength (right hand)
 D - a +6 ring of strength
 H - a ring of the Octopus King (left hand) {HP+2 MP+9 AC+2 EV+2 SH+2}
   (You found it in the Dungeon)

   [ring of magical power]

   AC+2:      It affects your AC (+2).
   EV+2:      It affects your evasion (+2).
   HP+2:      It affects your health (+2).
   MP+9:      It affects your magic capacity (+9).
   SH+2:      It affects your SH (+2).
 M - the ring of Lady Luck {Wiz rC+ rN+ Slay+2}
   (You found it in the Dungeon)

   [ring of wizardry]

   Wiz:       It improves your spell success rate.
   Slay+2:    It affects your accuracy & damage with ranged weapons and melee
   (+2).
   rC+:       It protects you from cold.
   rN+:       It protects you from negative energy.
Talismans
 L - a granite talisman
Wands
 v - a wand of mindburst (27)
 w - a wand of acid (7)
 J - a wand of polymorph (8)
 K - a wand of flame (16)
 N - a wand of charming (3)
 O - a wand of roots (4)
Scrolls
 j - 4 scrolls of blinking
 n - 4 scrolls of amnesia
 o - 6 scrolls of fog
 p - 5 scrolls of identify
 q - 2 scrolls of fear
 P - a scroll of brand weapon
Potions
 d - 6 potions of might
 e - 10 potions of curing
 f - 14 potions of heal wounds
 g - 6 potions of haste
 h - 7 potions of magic
 i - 2 potions of berserk rage
 r - 2 potions of brilliance
 s - a potion of invisibility
 t - 4 potions of resistance
Miscellaneous
 u - a phantom mirror


   Skills:
 + Level 14.2 Fighting
 - Level 18.0 Axes
 - Level 3.2 Armour
 - Level 10.0 Shields
 O Level 27 Invocations


You had 10 spell levels left.
You didn't know any spells.
Your spell library contained the following spells:

 Spells                   Type           Power      Damage    Failure   Level
 Sting                    Tmut/Pois      0%         1d3       99%         1
 Anguish                  Hex/Necr       0%         N/A       100%        4
 Cause Fear               Hex            0%         N/A       100%        4
 Manifold Assault         Tloc           0%         N/A       100%        4
 Alistair's Intoxication  Tmut/Pois      0%         N/A       100%        5
 Iskenderun's Battlesphe  Conj           0%         2d6       100%        5
 Yara's Violent Unravell  Hex/Tmut       0%         3d3       100%        5
 Dispersal                Tloc           0%         N/A       100%        6
 Leda's Unmaking          Conj/Erth      0%         9d1       100%        6
 Simulacrum               Ice/Necr       0%         N/A       100%        6
 Enfeeble                 Hex            0%         N/A       100%        7
 Ozocubu's Refrigeration  Ice            0%         4d7       100%        7
 Spellforged Servitor     Conj/Summ      0%         N/A       100%        7
 Disjunction              Tloc           0%         N/A       100%        8
 Polar Vortex             Ice            0%         N/A       100%        9


Dungeon Overview and Level Annotations

Branches:
Dungeon (1/1)

Altars:
Ashenzari
Cheibriados
Dithmenos
Elyvilon
Fedhas
Gozag
Hepliaklqana
Kikubaaqudgha
Makhleb
Nemelex Xobeh
Okawaru
Qazlal
Ru
Sif Muna
Trog
Uskayaw
Vehumet
Wu Jian
Xom
Yredelemnul
Zin
The Shining One
Beogh
Jiyva
Lugonu


Message History

You swap places.
You see here the +1 great sword "Copnuont" {heavy, Str+3}.
You swap places.
You swap places.
You can no longer pass through a line of other dancers.
You start resting.
Your ufetubus disappears in a puff of smoke! x8
Your soul eater disappears in a puff of smoke!
Your sun demon disappears in a puff of smoke!
Your orange demon disappears in a puff of smoke!
Your ynoxinul disappears in a puff of smoke!
HP restored.
You see here the +3 dagger "Evvesisk" {freeze, rPois}.
There is a transporter here.
Okay, then.
Welcome to arena 11.
You enter the transporter and appear at another place. 2 simulacra, a titan, a tormentor and an azure jelly come into view.
Visions of slaying the tormentor flood into your mind.
The titan shouts!
The tormentor roars!
The azure jelly quivers.
An adder simulacrum comes into view.
An Ice Fiend comes into view.
A nargun comes into view.
Found five items.
Unknown command.
As you read the scroll of fog, it dissolves into smoke.
Visions of slaying the azure jelly flood into your mind.
The Ice Fiend roars!
The titan gestures at you while chanting.
The bolt of lightning hits you!!!
A wendigo comes into view.
The wendigo howls!
You break out of your daze!
Visions of slaying the Ice Fiend flood into your mind.
The Ice Fiend claws you. The Ice Fiend freezes you!!
* * * LOW HITPOINT WARNING * * *
The Ice Fiend claws you!
* * * LOW HITPOINT WARNING * * *
The Ice Fiend freezes you!!!
You die...

▓)..8©8...▓
▓..|)))...▓
▓../ZR)=..▓.....)...▓
▓..9CZ1...▓..)).....▓
▓.....2Z..▓.).))....▓
▓....J....▓.).......▓
▓..9R§§§..▓.........▓
▓..§C§1§..▓.........▓
▓..§§@§§..▓....©....▓
▓..§§§§§..▓▓▓▓▓▓▓▓▓▓▓
▓▓▓▓▓▓▓▓▓▓▓


You could see a titan, an Ice Fiend (mesmerising), a wendigo and a nargun.

Vanquished Creatures
  A formless jellyfish (D)
  A yaktaur captain (D)
  4 vault guards (D)
  2 centaur warriors (D)
  2 dancing weapons (D)
  2 cyclopes (D)
  3 toenail golems (D)
  2 ice devils (D)
  2 yaktaurs (D)
  A jumping spider (D)
  A water elemental (D)
  An ice beast (D)
  A wolf (D)
  A centaur (D)
  A necrophage (D)
  2 scorpions (D)
  A bullfrog (D)
  3 earth elementals (D)
  A wight (D)
  An iron imp (D)
  A river rat (D)
  A shadow imp (D)
  2 white imps (D)
  A bat skeleton (D)
  2 jackals (D)
  2 ball python skeletons (D)
  A giant cockroach zombie (D)
  A quokka skeleton (D)
44 creatures vanquished.

Vanquished Creatures (collateral kills)
  An ironbound thunderhulk (D)
  A vault guard (D)
  A deep elf archer (D)
  2 toenail golems (D)
  An ice devil (D)
  A jumping spider (D)
  A phantom (D)
  A necrophage (D)
  A jackal simulacrum (D)
10 creatures vanquished.

Grand Total: 54 creatures vanquished

Notes
Turn   | Place    | Note
-------+----------+-------------------------------------------
     0 | D        | Midn8 the Hill Orc Fighter began the quest for the Orb.
     0 | D        | Reached XP level 1. HP: 19/19 MP: 1/1
    13 | D        | Found a blossoming altar of Fedhas.
    13 | D        | Found the +6 Majin-Bo {spellvamp, MP+6 Int+6}
    13 | D        | Found the +27 heavy crossbow "Sniper" {heavy, Acc+∞ SInv}
    13 | D        | Found the +10 dark maul {heavy}
    13 | D        | Found the +15 Maxwell's patent armour {-Cast -Tele rElec
                  | Will+ rCorr}
    13 | D        | Found the +18 shield of the Gong {Loud rN+ Will+ rCorr
                  | EV-5}
    13 | D        | Found the +16 obsidian axe {drain, demonic, Mesm Drain Fly
                  | SInv}
    13 | D        | Found the +7 great mace "Firestarter" {flame, immolate,
                  | rFlCloud rF++}
    13 | D        | Found the +6 shillelagh "Devastator" {shatter}
    13 | D        | Found the +11 plutonium sword {Contam Stlth-}
    13 | D        | Found the +8 lance "Wyrmbane" {slay drac, rPois rF+ rC+
                  | AC+3}
    13 | D        | Found the +9 sword of Zonguldrok {reap}
    13 | D        | Found the +13 scythe of Curses {drain, curses, Drain}
    13 | D        | Found the +9 sword of Power {lifebolt}
    13 | D        | Found the +7 mace of Variability {chaos, chaos arc}
    13 | D        | Found the +11 Singing Sword {sonic wave}
    13 | D        | Found the +8 storm bow {elec, penet}
    14 | D        | Found a viscous altar of Jiyva.
    14 | D        | Found a hazy altar of Hepliaklqana.
    14 | D        | Found a transporter.
    14 | D        | Found an opulent altar of Gozag.
    14 | D        | Found an ancient bone altar of Kikubaaqudgha.
    14 | D        | Found a corrupted altar of Lugonu.
    21 | D        | Found a burning altar of Makhleb.
    22 | D        | Found a sacrificial altar of Ru.
    22 | D        | Found a stormy altar of Qazlal.
    22 | D        | Found a shimmering blue altar of Sif Muna.
    22 | D        | Found an iron altar of Okawaru.
    22 | D        | Found a bloodstained altar of Trog.
    22 | D        | Found a sparkling altar of Nemelex Xobeh.
    64 | D        | Became a worshipper of Uskayaw the Reveller
    77 | D        | Reached skill level 10 in Axes
    77 | D        | Reached XP level 2. HP: 26/26 MP: 2/2
    78 | D        | Entered arena 2.
    78 | D        | Found a transporter.
    81 | D        | Reached * piety under Uskayaw
    88 | D        | Entered arena 3.
    88 | D        | Noticed a bullfrog
    88 | D        | Noticed a wolf
    88 | D        | Found a transporter.
    91 | D        | Reached ** piety under Uskayaw
    92 | D        | Reached *** piety under Uskayaw
    93 | D        | Killed a wolf
    93 | D        | Killed a bullfrog
    94 | D        | Reached skill level 15 in Axes
    94 | D        | Reached XP level 3. HP: 24/31 MP: 3/3
    94 | D        | Reached XP level 4. HP: 31/39 MP: 4/4
    94 | D        | Reached XP level 5. HP: 36/45 MP: 5/5
   127 | D        | Entered arena 4.
   127 | D        | Found the ring of the Octopus King {HP+2 MP+9 AC+2 EV+2
                  | SH+2}
   127 | D        | Noticed a deep elf archer
   127 | D        | Noticed a +5 heavy glaive
   127 | D        | Noticed a +2 battleaxe of freezing
   127 | D        | Noticed a water elemental
   127 | D        | Found a transporter.
   130 | D        | Killed a +2 battleaxe of freezing
   131 | D        | Reached skill level 8 in Invocations
   131 | D        | Reached XP level 6. HP: 51/51 MP: 5/12
   131 | D        | Reached XP level 7. HP: 57/57 MP: 5/13
   133 | D        | Killed a water elemental
   134 | D        | Reached skill level 10 in Invocations
   134 | D        | Reached skill level 5 in Fighting
   135 | D        | Reached **** piety under Uskayaw
   138 | D        | Killed a +5 heavy glaive
   139 | D        | Reached skill level 10 in Fighting
   139 | D        | Reached skill level 11 in Invocations
   139 | D        | Reached XP level 8. HP: 79/79 MP: 5/16
   141 | D        | Killed a deep elf archer
   142 | D        | Reached skill level 14 in Invocations
   142 | D        | Reached skill level 5 in Shields
   142 | D        | Reached XP level 9. HP: 56/85 MP: 5/19
   229 | D        | Got a ring of the Octopus King {HP+2 MP+9 AC+2 EV+2 SH+2}
   236 | D        | Got the +12 plate armour of the Vestibule of Hell {Str+3
                  | Int+4 Dex-2 SInv}
   253 | D        | Entered arena 5.
   253 | D        | Found a transporter.
   276 | D        | Entered arena 6.
   276 | D        | Found a transporter.
   281 | D        | Reached skill level 10 in Shields
   289 | D        | Entered arena 7.
   289 | D        | Noticed an ice devil
   289 | D        | Noticed an ice devil
   289 | D        | Noticed an ice devil
   290 | D        | Found a transporter.
   294 | D        | Reached skill level 15 in Invocations
   295 | D        | Killed an ice devil
   296 | D        | Reached skill level 16 in Invocations
   297 | D        | Killed an ice devil
   301 | D        | Reached ***** piety under Uskayaw
   302 | D        | Killed an ice devil
   303 | D        | Reached skill level 17 in Invocations
   308 | D        | Got the ring of Lady Luck {Wiz rC+ rN+ Slay+2}
   310 | D        | Got the Papyrus of the Xenotype and Ensorcelling
   313 | D        | Entered arena 8.
   313 | D        | Noticed a yaktaur captain
   313 | D        | Noticed a centaur warrior
   313 | D        | Noticed a centaur warrior
   313 | D        | Noticed a cyclops
   313 | D        | Noticed a cyclops
   314 | D        | Found a transporter.
   319 | D        | Killed a cyclops
   320 | D        | Reached skill level 18 in Invocations
   320 | D        | Reached XP level 10. HP: 28/93 MP: 23/23
   320 | D        | Killed a centaur warrior
   320 | D        | Killed a yaktaur captain
   320 | D        | Killed a cyclops
   321 | D        | Reached skill level 21 in Invocations
   323 | D        | Killed a centaur warrior
   324 | D        | Reached skill level 22 in Invocations
   513 | D        | Entered arena 9.
   514 | D        | Found a transporter.
   534 | D        | Entered arena 10.
   534 | D        | Noticed a toenail golem
   534 | D        | Noticed a toenail golem
   534 | D        | Noticed a toenail golem
   534 | D        | Noticed a toenail golem
   534 | D        | Noticed a toenail golem
   535 | D        | Found a transporter.
   540 | D        | Killed a toenail golem
   541 | D        | Killed a toenail golem
   541 | D        | Killed a toenail golem
   542 | D        | Reached skill level 23 in Invocations
   542 | D        | Reached XP level 11. HP: 77/99 MP: 26/26
   543 | D        | Reached skill level 24 in Invocations
   608 | D        | Entered arena 11.
   608 | D        | Noticed a vault guard
   608 | D        | Noticed a vault guard
   608 | D        | Noticed an ironbound thunderhulk
   608 | D        | Noticed a vault guard
   608 | D        | Noticed a vault guard
   608 | D        | Noticed a vault guard
   608 | D        | Noticed a formless jellyfish
   609 | D        | Found a transporter.
   614 | D        | Paralysed by a formless jellyfish for 1 turns
   616 | D        | Killed a vault guard
   617 | D        | Reached skill level 25 in Invocations
   617 | D        | Killed a vault guard
   617 | D        | Killed a vault guard
   617 | D        | Killed a formless jellyfish
   617 | D        | Killed a vault guard
   618 | D        | Reached skill level 27 in Invocations
   620 | D        | Killed a vault guard
   625 | D        | HP: 4/109 [ironbound thunderhulk/bolt of lightning (18)]
   627 | D        | Killed an ironbound thunderhulk
   910 | D        | Entered arena 12.
   910 | D        | Noticed a titan
   910 | D        | Noticed an azure jelly
   910 | D        | Noticed an Ice Fiend
   910 | D        | Noticed a nargun
   911 | D        | Noticed a wendigo
   916 | D        | Annihilated by an Ice Fiend

Illustrated notes

Levels and vault maps discovered:
D:        sprint_v [room_start, room_1, room_2, room_3, room_4, room_5, room_6,
          room_7, room_8, room_9, room_10, room_11, room_12, room_13, room_14,
          room_15, room_16, room_17, room_18, room_19, room_20, room_21,
          room_22, room_23, room_24, room_25, room_26, room_27]

Skill      XL: |  1  2  3  4  5  6  7  8  9 10 11 |
---------------+----------------------------------+-----
Axes           | 10 15 18 | 18.0
Invocations    | 8 11 14 18 23 27 | 27.0
Fighting       | 10 14 | 14.2
Shields        | 5 10 | 10.0
Armour         | |  3.2

Action                     |  1- 3 |  4- 6 |  7- 9 | 10-12 || total
---------------------------+-------+-------+-------+-------++-------
  Melee: Broad axe         |     6 |     1 |    27 |    26 ||    60
    Use: Potion            |     2 |     1 |       |       ||     3
         Scroll            |       |       |       |     1 ||     1
   Stab: Paralysed         |     2 |       |     3 |    22 ||    27
         Invisible         |     1 |     1 |     1 |       ||     3
 Armour: Plate armour      |    10 |       |     4 |     7 ||    21
  Dodge: Dodged            |     1 |       |     1 |     1 ||     3
  Block: Buckler           |     3 |       |     1 |       ||     4
         Kite shield       |       |       |    17 |    20 ||    37

Table legend: (Time is in decaauts)
 A = Elapsed time spent in this place.
 B = Non-inter-level travel time spent in this place.
 C = Inter-level travel time spent in this place.
 D = Time resting spent in this place.
 E = Time spent auto-exploring this place.
 F = Levels seen in this place.
 G = Mean time per level.
                   A        B        C        D        E       F      G
               +--------+--------+--------+--------+--------+-----+--------+
         Total |    912 |    912 |      0 |    619 |      0 |   1 |  912.0 |
       Dungeon |    912 |    912 |      0 |    619 |      0 |   1 |  912.0 |
               +--------+--------+--------+--------+--------+-----+--------+

Top non-repeatable levels by time:
       D: 912 daAuts
